AoeStats
← Seguidor de voldo n1

Arabia

510928898Analyzed
3v3 RM · 15h ago on Oct 3, 2026· 53m 28s· 6 players
Game mode
Random Map
Map size
Normal (6 player)
Population
200
Speed
Normal
Resources
Standard
Victory
Conquest
Starting age
Dark Age
Ending age
Imperial Age
RankedLock teamsTeams togetherTeam positionsShared explorationLock speedFull tech treeHidden civsTurbo modeCheats
Victory
Defeat
🇭🇰 Wei · Hong Kong SAR China
1006
+15
🇨🇱 Armenians · Chile
976
+16
🇲🇶 Mongols · Martinique
953
+16
979
-16
🇨🇱 Vikings · Chile
979
-16
🇨🇱 Persians · Chile
960
-15
AlmiGhtY.-
0:27 Loom
9:53 Feudal Age
10:48 Double-Bit Axe
12:10 Horse Collar
15:23 Man-at-Arms
17:16 Scale Mail Armor
23:04 Castle Age
20:58 Stone Mining
20:59 Gold Mining
22:49 Fletching
22:59 Padded Archer Armor
25:55 Heavy Plow
31:11 Bodkin Arrow
32:02 Leather Archer Armor
32:12 Pikeman
34:34 Scale Barding Armor
36:37 Chain Barding Armor
37:07 Wheelbarrow
36:20 Town Watch
44:30 Squires
47:08 Imperial Age
45:32 Ballistics
45:08 Murder Holes
47:21 Husbandry
47:41 Chain Mail Armor
47:38 Forging
47:49 Capped Ram
47:50 Elite Composite Bowman
49:33 Chemistry
48:35 Bracer
48:44 Fereters
51:01 Bow Saw
52:34 Ring Archer Armor
52:01 Arson
53:18 Iron Casting
53:04 Hand Cart
53:06 Gambesons
tibios
3:14 Loom
10:54 Feudal Age
13:55 Man-at-Arms
23:52 Castle Age
22:26 Horse Collar
22:33 Double-Bit Axe
26:39 Long Swordsman
36:43 Squires
37:20 Forging
45:21 Arson
49:28 Iron Casting
50:01 Scale Mail Armor
52:14 Chain Mail Armor
52:58 Wheelbarrow
52:09 Town Watch
Lovebird
1:03 Loom
11:32 Feudal Age
16:02 Castle Age
14:26 Bloodlines
14:42 Horse Collar
14:51 Double-Bit Axe
16:07 Gold Mining
16:43 Heavy Plow
17:05 Forging
17:05 Scale Barding Armor
22:03 Wheelbarrow
22:34 Gold Mining
23:13 Forging
25:37 Bow Saw
25:33 Stone Mining
27:49 Hand Cart
30:01 Stone Shaft Mining
33:12 Imperial Age
31:28 Gold Shaft Mining
31:42 Tuntian
33:49 Iron Casting
33:17 Husbandry
34:17 Chain Barding Armor
34:43 Crop Rotation
34:47 Conscription
36:01 Blast Furnace
34:50 Heavy Hei Guang Cavalry
34:55 Pikeman
36:28 Scale Mail Armor
38:33 Chain Mail Armor
39:38 Light Cavalry
39:51 Halberdier
44:41 Hussar
47:53 Squires
47:39 Arson
51:47 Capped Ram
Seguidor de voldo n1
8:10 Loom
10:29 Feudal Age
12:09 Man-at-Arms
12:13 Man-at-Arms
12:48 Double-Bit Axe
15:53 Horse Collar
21:10 Castle Age
21:17 Long Swordsman
22:02 Scale Mail Armor
22:58 Forging
29:38 Pikeman
31:37 Bow Saw
31:20 Gold Mining
32:28 Heavy Plow
33:00 Squires
33:21 Chain Mail Armor
33:41 Iron Casting
46:15 Imperial Age
43:37 Town Watch
45:36 Gold Shaft Mining
45:00 Stone Mining
50:10 Chieftains
50:32 Conscription
50:03 Two-Handed Swordsman
51:42 Champion
Führer Voldo
6:48 Loom
10:03 Feudal Age
10:32 Double-Bit Axe
16:15 Castle Age
17:28 Bow Saw
18:56 Horse Collar
19:41 Town Watch
20:38 Heavy Plow
22:56 Forging
24:20 Wheelbarrow
25:51 Bloodlines
25:41 Husbandry
26:10 Hand Cart
26:34 Iron Casting
26:20 Gold Mining
27:19 Scale Barding Armor
28:54 Chain Barding Armor
30:21 Gold Shaft Mining
29:37 Stone Mining
30:12 Town Patrol
37:01 Coinage
39:44 Murder Holes
40:10 Ballistics
39:43 Fletching
40:27 Fervor
41:37 Bodkin Arrow
44:42 Imperial Age
46:20 Imperial Age
45:07 Masonry
47:00 Conscription
46:55 Citadels
46:11 Elite War Elephant
48:36 Banking
51:43 Crop Rotation
52:15 Two-Man Saw
lacayo de voldo bahamondes
8:00 Loom
10:18 Feudal Age
11:46 Double-Bit Axe
13:26 Champi Runner
15:06 Scale Mail Armor
17:24 Forging
23:10 Castle Age
21:55 Horse Collar
22:08 Fletching
23:18 Pikeman
24:44 Iron Casting
24:17 Bodkin Arrow
28:03 Wheelbarrow
27:17 Champi Warrior
31:21 Squires
34:38 Iron Casting
54:50 Imperial Age
Connection lost

Rejoining the realm…

Still unreachable

The connection could not be restored.

Session expired

The server has moved on; the page needs a fresh start.